AoeStats
← ALF

Nomad

506464318Analyzed
4v4 RM · 18d ago on Sep 13, 2026· 25m 22s· 8 players
Game mode
Random Map
Map size
231×231
Population
200
Speed
Normal
Resources
Standard
Victory
Conquest
Starting age
Dark Age
Ending age
Imperial Age
RankedLock teamsTeams togetherTeam positionsShared explorationLock speedFull tech treeHidden civsTurbo modeCheats
Victory
Defeat
🇪🇸 Goths · Spain
1465
+14
🇪🇸 Bengalis · Spain
1427
+15
🇪🇸 Lithuanians · Spain
1380
+17
🇪🇸 Celts · Spain
1361
+19
🇲🇽 Sicilians · Mexico
1470
-18
🇦🇷 Malians · Argentina
1420
-17
🇲🇽 Hindustanis · Mexico
1408
-16
🇧🇷 Berbers · Brazil
1356
-14
edengr7
10:02 Loom
12:37 Feudal Age
14:50 Wheelbarrow
18:35 Castle Age
17:07 Gold Mining
19:02 Forging
20:19 Double-Bit Axe
24:05 Hand Cart
ReBeL_persi
3:30 Loom
14:46 Feudal Age
16:47 Double-Bit Axe
19:07 Castle Age
18:06 Stone Mining
20:25 Horse Collar
ALF
3:02 Loom
12:57 Feudal Age
16:43 Castle Age
15:45 Double-Bit Axe
16:36 Fletching
17:47 Bow Saw
17:59 Medium Warships
20:31 Bodkin Arrow
21:56 Demolition Ship
PNLN | texugo do mel
3:35 Loom
14:40 Feudal Age
18:32 Castle Age
[Kachop]Indi_monsterr
4:20 Loom
13:50 Feudal Age
18:05 Castle Age
17:06 Horse Collar
17:28 Double-Bit Axe
19:53 Wheelbarrow
20:59 Bow Saw
25:18 Medium Warships
elgrantato
3:02 Loom
13:14 Feudal Age
14:18 Town Watch
16:56 Castle Age
15:31 Fishing Lines
16:49 Double-Bit Axe
18:24 Bow Saw
18:05 Fletching
19:11 Horse Collar
19:46 Bodkin Arrow
22:10 Scale Mail Armor
24:02 Scale Mail Armor
Caesar_Augusto
5:53 Loom
13:13 Feudal Age
16:52 Castle Age
16:03 Town Watch
16:24 Double-Bit Axe
18:47 Horse Collar
22:25 Wheelbarrow
26:01 Scale Barding Armor
[Kachop] Baryuan
4:55 Loom
13:05 Feudal Age
13:43 Double-Bit Axe
17:25 Wheelbarrow
24:46 Castle Age
22:59 Gold Mining
Connection lost

Rejoining the realm…

Still unreachable

The connection could not be restored.

Session expired

The server has moved on; the page needs a fresh start.